 Dungeon Crawl Stone Soup version 0.31.0-12-g77e489cdc1 (webtiles) character file.

Game seed: 12498077402848300843

43 Bobsterar the Changeling (level 3, -3/34 HPs)
             Began as an Octopode Shapeshifter on Mar 7, 2024.
             Slain by a gnoll
             ... wielding a +2 spear of freezing
              (4 damage)
             ... on level 2 of the Dungeon.
             The game lasted 00:01:05 (681 turns).

Bobsterar the Changeling (Octopode Shapeshifter)     Turns: 681, Time: 00:01:06

Health: -3/34      AC: 21    Str: 15    XL:     3   Next: 58%
Magic:  2/4        EV:  2    Int: 12    God:
Gold:   64         SH:  0    Dex: 11    Spells: 3/3 levels left

rFire   . .          .
                       - Unarmed
rCold   . . .        (no shield)
rNeg    . . .        (helmet currently unavailable)
rPois   +            (no amulet)
rElec   .            (no ring)
rCorr   .            (no ring)
SInv    .            (no ring)
Will    .....        (no ring)
Stlth   +            (no ring)
HPRegen 0.25/turn    (no ring)
MPRegen 0.09/turn    (no ring)
                     (no ring)

%: no passive effects
@: tree-form (expiring)
A: stationary, stasis, torment immunity, boosted hp, almost no armour,
(amphibious), 8 rings, (camouflage 1), (gelatinous body 1), (nimble swimmer 1),
(tentacles)
a: no special abilities


You were on level 2 of the Dungeon.
You were a tree.
You visited 1 branch of the dungeon, and saw 2 of its levels.

You collected 64 gold pieces.

Inventory:

Talismans
 b - a beast talisman (active)
 c - a flux talisman
Scrolls
 d - 2 scrolls of noise {unknown}
 e - a scroll of fear {unknown}
 f - 3 scrolls of identify {unknown}
 g - a scroll of teleportation {unknown}


   Skills:
 + Level 1.5 Fighting
 + Level 2.3 Dodging
 + Level 3.2 Unarmed Combat
 + Level 0.8 Spellcasting
 * Level 3.5 Shapeshifting


You had 3 spell levels left.
You didn't know any spells.
Your spell library contained the following spells:

 Spells                   Type           Power      Damage    Failure   Level
 Lesser Beckoning         Tloc           0%         N/A       43%         2
 Gell's Gravitas          Tloc           0%         N/A       67%         3
 Teleport Other           Tloc           0%         N/A       67%         3


Dungeon Overview and Level Annotations

Branches:
Dungeon (2/15)

Altars:


Innate Abilities, Weirdness & Mutations

You are a tree.
Your roots penetrate the ground, keeping you stationary.
You cannot be teleported.
You are immune to unholy pain and torment.
Your maximum health is greatly increased.
You cannot wear most types of armour.
((You are amphibious.))
You can wear up to eight rings at the same time.
((Your skin changes colour to match your surroundings (Stealth+).))
((Your rubbery body absorbs attacks. (AC +1, EV +1)))
((You are camouflaged when in or above water. (Stealth+)))
((You have tentacles for arms and can constrict up to eight enemies at once.))


Message History

The adder bites you but does no damage. x2
The hobgoblin hits you but does no damage.
You miss the adder.
The adder is severely wounded.
Your transformation is almost over.
The gnoll hits you but does no damage. The adder completely misses you.
You smack the adder!
You kill the adder!
The hobgoblin hits you but does no damage.
You have reached level 3!
Your experience leads to an increase in your attributes!
Increase (S)trength, (I)ntelligence, or (D)exterity?
You feel stronger. x2
You smack the hobgoblin!
You kill the hobgoblin!
The gnoll hits you with a +0 whip. The gnoll hits you but does no damage.
You cannot move.
You smack the gnoll!
The gnoll is severely wounded.
The gnoll hits you with a +0 whip. The gnoll hits you but does no damage.
You hit the gnoll.
The gnoll is severely wounded.
The gnoll hits you but does no damage.
You hit the gnoll.
You kill the gnoll!
The gnoll hits you but does no damage. x2
You hit the gnoll.
The gnoll is heavily wounded.
The gnoll hits you but does no damage. x3
You barely miss the gnoll.
The gnoll is heavily wounded.
The gnoll hits you from afar with a +2 spear of freezing!
* * * LOW HITPOINT WARNING * * *
The gnoll freezes you.
* * * LOW HITPOINT WARNING * * *
The gnoll hits you but does no damage.
You barely miss the gnoll.
The gnoll is heavily wounded.
The gnoll hits you from afar with a +2 spear of freezing.
You die...

#... .... .....
....>######
..........#
......g...#
.......†g†####..
.......g♣†......
.....!.........#
..........######
..........#
##........#
##########


You could see 3 gnolls.

Vanquished Creatures
  A gnoll (D:2)
  An adder (D:2)
  A dart slug (D:1)
  3 endoplasms (D:1)
  2 goblins (D:1)
  4 hobgoblins
  4 jackals (D:2)
  A bat (D:1)
  3 frilled lizards (D:1)
  A kobold (D:1)
21 creatures vanquished.

Notes
Turn   | Place    | Note
-------+----------+-------------------------------------------
     0 | D:1      | Bobsterar the Octopode Shapeshifter began the quest for the
                  | Orb.
     0 | D:1      | Reached XP level 1. HP: 13/13 MP: 1/1
   162 | D:1      | Reached XP level 2. HP: 18/18 MP: 2/2
   675 | D:2      | Reached XP level 3. HP: 17/23 MP: 2/4
   680 | D:2      | HP: 1/34 [gnoll/+2 spear of freezing (4)]
   681 | D:2      | Slain by a gnoll

Illustrated notes

Levels and vault maps discovered:
D:1:      tarquinn_simple_flora_water_d, layout_loops_ring
D:2:      minmay_chambers_of_twos, layout_rooms, serial_shops,
          nicolae_shop_trees, uniq_sigmund, uniq_terence, uniq_robin

Action                     || total
---------------------------++-------
  Melee: Unarmed           ||    47
         Constrict         ||     8
         Tentacles         ||     2
         Punch             ||     1
    Use: Potion            ||     1
   Stab: Sleeping          ||     3
 Armour: Skin              ||    45
  Dodge: Dodged            ||    17
   Form: Beast             ||     1
